 Dungeon Crawl Stone Soup version 0.21.1-1-g345015f (webtiles) character file.

4568 vatarom the Scholar of Death (level 10, -3/80 HPs)
             Began as a Demonspawn Necromancer on Mar 22, 2018.
             Was a Follower of Kikubaaqudgha.
             Slain by a killer bee (7 damage)
             ... on level 8 of the Dungeon.
             The game lasted 00:27:34 (8977 turns).

vatarom the Scholar of Death (DsNe)                 Turns: 8977, Time: 00:27:35

Health: -3/80      AC:  5    Str: 11    XL:     10   Next: 18%
Magic:  14/19      EV: 13    Int: 17    God:    Kikubaaqudgha [*.....]
Gold:   250        SH:  0    Dex: 14    Spells: 2/21 levels left

rFire    . . .     SeeInvis .   e - +3 dagger (venom)
rCold    + . .     Gourm    .   (no shield)
rNeg     . . .     Faith    .   a - +0 robe
rPois    .         Spirit   .   (helmet restricted)
rElec    .         Reflect  .   (no cloak)
rCorr    .         Harm     .   (no gloves)
MR       .....                  (no boots)
Stlth    +.........             (no amulet)
HPRegen  0.23/turn              w - ring of loudness (curse)
MPRegen  0.16/turn              m - ring of protection from cold

@: lethally poisoned (-3 -> -4)
A: antennae 1, icy blue scales 2, foul stench 1, powered by pain 2, rot immunity
a: Receive Corpses, Renounce Religion


You were on level 8 of the Dungeon.
You worshipped Kikubaaqudgha.
Kikubaaqudgha was aware of your devotion.
You were hungry.

You visited 2 branches of the dungeon, and saw 9 of its levels.
You also visited: Sewer.

You collected 320 gold pieces.
You spent 70 gold pieces at shops.

Inventory:

Hand Weapons
 e - a +3 dagger of venom (weapon)
 p - a +0 blowgun
Missiles
 g - 5 tomahawks of returning (quivered)
 r - 61 poisoned needles
Armour
 a - a +0 robe (worn)
Jewellery
 b - a cursed amulet of inaccuracy {unknown}
 j - an uncursed ring of protection from magic
 m - a ring of protection from cold (right hand)
 w - a cursed ring of loudness (left hand)
Wands
 C - a wand of disintegration (2)
Scrolls
 k - 7 scrolls of teleportation
 l - a scroll of enchant weapon
 n - a scroll of blinking
 o - 4 scrolls of magic mapping
 q - 2 scrolls of fear
 s - 4 scrolls of fog
 t - 2 scrolls of enchant armour
 x - 3 scrolls of identify
 y - a scroll of amnesia
 B - a scroll of immolation
 D - 2 scrolls of remove curse {unknown}
Potions
 d - 3 potions of brilliance
 f - a potion of resistance {unknown}
 h - a potion of cancellation {unknown}
 i - 2 potions of haste
 u - 2 potions of magic
 v - 2 potions of berserk rage {unknown}
 z - a potion of heal wounds
 A - 2 potions of might
Comestibles
 c - 9 rations


   Skills:
 + Level 7.6 Fighting
 * Level 6.1 Short Blades
 * Level 1.2 Armour
 * Level 2.3 Dodging
 - Level 1.7 Stealth
 - Level 6.2 Spellcasting
 + Level 8.3 Necromancy
 - Level 4.6 Earth Magic


You had 2 spell levels left.
You knew the following spells:

 Your Spells              Type           Power        Failure   Level  Hunger
a - Pain                  Necr           ####         1%          1    None
b - Animate Skeleton      Necr           N/A          1%          1    None
c - Vampiric Draining     Necr           ####......   1%          3    ##.....
d - Regeneration          Chrm/Necr      ###.......   7%          3    ##.....
e - Animate Dead          Necr           N/A          4%          4    ####...
f - Borgnjor's Vile Clut  Necr/Erth      ####......   24%         5    #####..
g - Sublimation of Blood  Necr           ####......   1%          2    None


Dungeon Overview and Level Annotations

Branches:
Dungeon (8/15)             Temple (1/1) D:7
   Lair: D:8-11

Altars:
Ashenzari
Cheibriados
Dithmenos
Elyvilon
Fedhas
Gozag
Hepliaklqana
Kikubaaqudgha
Makhleb
Nemelex Xobeh
Okawaru
Qazlal
Ru
Sif Muna
Trog
Uskayaw
Vehumet
Wu Jian
Xom
Yredelemnul
Zin
The Shining One

Shops:
D:6 =(*[   D:7 *%


Innate Abilities, Weirdness & Mutations

You have a pair of small antennae on your head.
You are mostly covered in icy blue scales. (AC +3)
You may emit foul miasma when damaged in melee.
You sometimes gain power by taking damage.
You are immune to rotting.


Message History

The killer bee closely misses your killer bee zombie.
Your killer bee zombie misses the killer bee.
The killer bee misses your killer bee zombie.
Your killer bee zombie barely misses the killer bee. x2
The killer bee stings your killer bee zombie.
Your killer bee zombie is destroyed!
Your killer bee zombie hits the killer bee.
Your killer bee zombie hits the killer bee.
The killer bee stings you.
* * * LOW HITPOINT WARNING * * *
Your killer bee zombie barely misses the killer bee.
Casting: Sublimation of Blood
Confirm with . or Enter, or press ? or * to list all spells.
Aiming: Vampiric Draining
Press: ? - help, Shift-Dir - straight line, f/p - killer bee
Aim: a killer bee (heavily wounded)
The killer bee is almost dead.
You feel life coursing into your body. The killer bee stings you!
You die...
Kikubaaqudgha rasps: "You have failed me!
Welcome... death!"

#....#.....# #....'.....#
#....#.Z(..# ##############.####
.....###..####.#..#
...........[......+
...............Z..#
...............y..# .
##...###'#######@###### ##'#
##...###....#######...###...##..
...............#................
.....).........#................
...............#...............
##..###.....####...##.#####...
##..###.....####...##.##...##
............#<...........†..#
........<...#............Zy.#


You could see a killer bee and a friendly killer bee zombie.

Vanquished Creatures
  A two-headed ogre (D:8)
  3 hippogriffs
  Grum (D:8)
  An orc warrior (D:7)
  An ice beast (D:5)
  A necrophage (D:8)
  2 black bears (D:7)
  3 ogres
  2 wolves (D:8)
  4 big kobolds (Sewer)
  2 bullfrogs (D:7)
  2 scorpions
  8 killer bees (D:8)
  An electric eel (D:6)
  2 howler monkeys (D:7)
  6 crimson imps
  2 orc wizards
  5 hounds
  2 jellies (D:5)
  3 orc priests
  A bullfrog skeleton (D:5)
  3 iguanas
  Terence (D:2)
  A worker ant (D:4)
  A killer bee zombie (D:7)
  3 worker ant zombies
  A howler monkey skeleton (D:4)
  8 adders
  A river rat (Sewer)
  A shadow imp (D:3)
  3 oozes
  An adder zombie (D:5)
  2 worms
  3 dart slugs
  7 leopard geckos
  14 orcs
  3 ball pythons
  6 bats
  A giant cockroach (D:3)
  7 goblins
  4 hobgoblins
  9 jackals
  10 kobolds
  4 quokkas
  7 frilled lizards
  A jackal skeleton (D:7)
  21 rats
176 creatures vanquished.

Vanquished Creatures (collateral kills)
  Psyche (D:8)
  A hungry ghost (D:8)
  Duvessa (D:4)
  Dowan (D:4)
  A scorpion (D:8)
  A killer bee (D:8)
  A bullfrog skeleton (D:8)
  A jelly (D:6)
  3 orcs
  2 ball pythons (Sewer)
  A bat (D:3)
  A giant cockroach (D:3)
  2 jackals (D:8)
  A kobold (Sewer)
  3 rats (D:2)
21 creatures vanquished.

Vanquished Creatures (others)
  A worker ant (D:7)
1 creature vanquished.

Grand Total: 198 creatures vanquished

Notes
Turn   | Place    | Note
-------+----------+-------------------------------------------
     0 | D:1      | vatarom the Demonspawn Necromancer began the quest for the Orb.
     0 | D:1      | Reached XP level 1. HP: 13/13 MP: 3/3
    30 | D:1      | Learned a level 1 spell: Animate Skeleton
   132 | D:1      | Reached skill level 1 in Fighting
   136 | D:1      | Gained mutation: You are partially covered in icy blue scales. (AC +2) [demonic ancestry]
   136 | D:1      | Reached XP level 2. HP: 3/21 MP: 0/5
   755 | D:1      | Gained mutation: You are immune to rotting. [demonic ancestry]
   755 | D:1      | Reached XP level 3. HP: 21/27 MP: 6/6
   822 | D:2      | Learned a level 3 spell: Vampiric Draining
   835 | D:2      | Found a glowing silver altar of Zin.
   925 | D:2      | Found a faded altar of an unknown god.
  1104 | D:2      | Noticed Terence
  1114 | D:2      | Killed Terence
  1460 | D:2      | Reached XP level 4. HP: 29/34 MP: 5/7
  1581 | D:2      | Found a faded altar of an unknown god.
  1581 | D:2      | Found a radiant altar of Vehumet.
  1586 | D:2      | Found a sacrificial altar of Ru.
  1588 | D:2      | Found a faded altar of an unknown god.
  1590 | D:2      | Found an opulent altar of Gozag.
  1722 | D:3      | Reached skill level 5 in Necromancy
  1741 | D:3      | Learned a level 3 spell: Regeneration
  1864 | D:3      | Found a hazy altar of Hepliaklqana.
  2130 | D:3      | Found a sparkling altar of Nemelex Xobeh.
  2217 | D:3      | Gained mutation: You have a pair of small antennae on your head. [demonic ancestry]
  2217 | D:3      | Reached XP level 5. HP: 37/41 MP: 9/9
  2331 | D:3      | Found a glowing drain.
  2392 | Sewer    | Entered a sewer
  2509 | Sewer    | Reached XP level 6. HP: 18/48 MP: 1/11
  3350 | D:3      | Found a hide-covered altar of Uskayaw.
  3527 | D:3      | Found a snail-covered altar of Cheibriados.
  3537 | D:3      | Found a white marble altar of Elyvilon.
  3631 | D:4      | Learned a level 4 spell: Animate Dead
  3634 | D:4      | Reached skill level 5 in Fighting
  3634 | D:4      | Reached skill level 6 in Necromancy
  3634 | D:4      | Gained mutation: You are mostly covered in icy blue scales. (AC +3) [demonic ancestry]
  3634 | D:4      | Reached XP level 7. HP: 12/56 MP: 4/13
  3744 | D:4      | Noticed Dowan
  3751 | D:4      | Noticed Duvessa
  3757 | D:4      | Killed Dowan
  3759 | D:4      | Killed Duvessa
  4121 | D:5      | Entered Level 5 of the Dungeon
  4235 | D:5      | Reached skill level 1 in Short Blades
  4420 | D:5      | Gained mutation: You may emit foul miasma when damaged in melee. [demonic ancestry]
  4420 | D:5      | Reached XP level 8. HP: 54/64 MP: 6/14
  4948 | D:5      | Reached skill level 7 in Necromancy
  5197 | D:5      | Reached skill level 5 in Spellcasting
  5289 | D:6      | Found Xen Sonu's General Store.
  5291 | D:6      | Bought a potion of heal wounds for 70 gold pieces
  5303 | D:6      | Found Pijenn Qyrho's Weapon Boutique.
  5385 | D:6      | Learned a level 5 spell: Borgnjor's Vile Clutch
  5733 | D:6      | Found Keusocal's Armour Shop.
  5963 | D:6      | Found Afoteetu's Jewellery Shoppe.
  6167 | D:7      | Found Wong's Elemental Accessories.
  6171 | D:7      | Noticed a hippogriff
  6181 | D:7      | Killed a hippogriff
  6181 | D:7      | Reached skill level 1 in Earth Magic
  6360 | D:7      | Gained mutation: You sometimes gain a little power by taking damage. [demonic ancestry]
  6360 | D:7      | Reached XP level 9. HP: 50/71 MP: 13/17
  6609 | D:7      | Found a staircase to the Ecumenical Temple.
  6625 | Temple   | Entered the Ecumenical Temple
  6785 | Temple   | Became a worshipper of Kikubaaqudgha
  7029 | D:7      | Found Litil's Food Shop.
  7725 | D:8      | Reached skill level 5 in Short Blades
  7962 | D:8      | Reached * piety under Kikubaaqudgha
  7962 | D:8      | Identified Kikubaaqudgha's Grimoire of Necromancy (Kikubaaqudgha gifted it to you on level 8 of the Dungeon)
  7962 | D:8      | Received a gift from Kikubaaqudgha
  7974 | D:8      | Reached skill level 8 in Necromancy
  7989 | D:8      | Noticed Psyche
  8332 | D:8      | Learned a level 2 spell: Sublimation of Blood
  8344 | D:8      | Noticed a two-headed ogre
  8350 | D:8      | Killed a two-headed ogre
  8397 | D:8      | Killed Psyche
  8397 | D:8      | Gained mutation: You sometimes gain power by taking damage. [demonic ancestry]
  8397 | D:8      | Reached XP level 10. HP: 32/79 MP: 14/19
  8629 | D:8      | Noticed Grum
  8650 | D:8      | Killed Grum
  8856 | D:8      | Reached skill level 1 in Armour
  8968 | D:8      | HP: 2/80 [poisoned by a killer bee]
  8976 | D:8      | HP: 1/80 [killer bee (5)]
  8977 | D:8      | Slain by a killer bee

Skill      XL: |  1  2  3  4  5  6  7  8  9 10 |
---------------+-------------------------------+-----
Fighting       | 1 2 3 4 5 6 7 |  7.6
Necromancy     | 5 6 7 8 |  8.3
Spellcasting   | 3 4 5 6 |  6.2
Short Blades   | 1 4 5 6 |  6.1
Earth Magic    | 2 4 |  4.6
Dodging        | 2 |  2.3
Armour         | 1 |  1.2
Stealth        | |  1.7

Action                   |  1- 3 |  4- 6 |  7- 9 | 10-12 || total
-------------------------+-------+-------+-------+-------++-------
Melee: Dagger            |    49 |   144 |   338 |    19 ||   550
       Unarmed           |     2 |       |       |       ||     2
Throw: Tomahawk          |     2 |       |       |       ||     2
 Cast: Pain              |    25 |    39 |    23 |     2 ||    89
       Animate Skeleton  |    10 |    26 |    12 |       ||    48
       Vampiric Draining |       |    13 |    25 |    11 ||    49
       Animate Dead      |       |       |     8 |     1 ||     9
       Sublimation of Bl |       |       |       |     6 ||     6
       Regeneration      |       |       |       |     4 ||     4
Evoke: Wand              |       |       |     3 |       ||     3
  Use: Scroll            |     2 |     4 |     7 |     2 ||    15
       Potion            |     2 |       |     4 |       ||     6
 Stab: Sleeping          |     1 |     5 |     5 |       ||    11
       Distracted        |       |       |     2 |       ||     2
  Eat: Chunk             |     2 |     8 |     7 |       ||    17
       Ration            |       |       |     6 |       ||     6
Armor: Robe              |    19 |    39 |    96 |     8 ||   162
Dodge: Dodged            |    46 |   119 |   206 |    28 ||   399
